Map: Deathaura LE

Players

INSIGNIA

  • Race: Terran Terran
  • League: Silver
  • Spawn Location: 5:00

ViBE - Winner!

  • Race: Zerg Zerg
  • League: Silver
  • Spawn Location: 11:00

VOD

Have the link to the VOD?

Description

Time

  • Played on: March 18, 2021, 12:24 a.m.
  • Length: 11:43
Show
View Real Time Build Order
Export as new Build Order

INSIGNIA Terran 

Build Orders:  

Get SALT Encoding   

  12  0:02  SCV  
  13  0:15  Supply Depot  
  13  0:18  SCV  
  14  0:29  Supply Depot  
  14  0:31  SCV  
  15  0:43  SCV  
  16  0:53  Barracks  
  16  0:57  SCV  
  17  1:10  SCV, Barracks  
  18  1:25  Refinery  
  18  1:27  SCV  
  19  1:37  Barracks  
  19  1:50  Barracks  
  19  1:54  SCV  
  20  2:06  SCV  
  20  2:07  Engineering Bay  
  21  2:20  SCV  
  21  2:22  Marine x2  
  24  2:28  Refinery  
  24  2:34  Orbital Command  
  24  2:38  Marine  
  24  2:42  Marine  
  26  2:52  Marine  
  26  2:54  Marine  
  28  3:04  Marine  
  29  3:06  Marine  
  30  3:15  Factory  
  30  3:18  Marine  
  31  4:02  Marine  
  31  4:08  Marine  
  31  4:10  Marine  
  31  4:12  Marine  
  27  4:28  Starport  
  27  4:31  Starport  
  27  4:36  Starport  
  27  4:49  Marine x3  
  27  4:50  Marine  
  31  4:57  Command Center  
  31  5:08  Starport Tech Lab  
  31  5:09  Starport Tech Lab  
  31  5:14  Starport Reactor  
  31  5:18  Factory Tech Lab  
  31  5:22  Supply Depot  
  31  5:44  SCV  
  31  5:48  Siege Tank  
  31  5:49  Marine  
  36  5:50  Marine x3  
  39  6:10  Medivac  
  41  6:16  Armory  
  41  6:27  Supply Depot  
  41  6:28  Factory  
  41  6:34  Siege Tank  
  41  6:35  Marine  
  45  6:40  Medivac  
  45  6:41  SCV  
  48  6:54  SCV  
  49  6:55  Medivac  
  49  6:56  Medivac  
  53  7:09  Barracks Tech Lab  
  53  7:10  Barracks Tech Lab  
  53  7:11  Barracks Reactor  
  53  7:12  Barracks Reactor  
  40  7:36  Marine x2  
  37  7:54  Planetary Fortress, Marine, Marauder  
  40  8:12  Marauder  
  42  8:15  Marine, Factory Tech Lab  
  43  8:27  Marine x3  
  43  8:28  Refinery  
  43  8:33  Refinery, Marine, Marauder  
  49  8:37  Thor  
  55  8:51  Marauder  
  57  9:07  SCV  
  58  9:19  SCV  
  59  9:25  Thor  
  59  9:28  Marine  
  59  9:31  SCV  
  67  9:34  Concussive Shells  
  67  9:40  Stimpack  
  67  9:43  SCV  
  68  9:52  Marine x2  
  69  10:21  Supply Depot  
  69  10:28  Supply Depot  
  69  10:43  Thor, Marauder  
  77  10:50  Thor  
  83  11:05  Command Center  
Show
View Real Time Build Order
Export as new Build Order

ViBE Zerg - Winner!

Build Orders: Hatch First 

Get SALT Encoding   

  12  0:00  Drone  
  13  0:13  Overlord  
  13  0:17  Drone  
  14  0:32  Drone x2  
  16  0:51  Hatchery  
  16  0:55  Drone  
  16  0:57  Drone  
  17  1:00  Drone  
  18  1:16  Spawning Pool  
  17  1:18  Drone  
  17  1:21  Drone  
  19  1:36  Drone  
  20  1:40  Extractor  
  20  1:45  Drone  
  20  2:05  Queen x2  
  20  2:07  Overlord  
  24  2:10  Drone x2  
  26  2:22  Drone x2  
  28  2:29  Overlord  
  28  2:31  Drone  
  29  2:37  Spine Crawler, Drone x2  
  30  2:45  Drone  
  30  2:46  Lair, Queen  
  33  2:51  Drone  
  33  2:56  Overlord  
  34  2:59  Drone  
  35  3:06  Drone  
  35  3:08  Drone  
  37  3:13  Drone x2  
  37  3:15  Drone x4  
  43  3:21  Roach Warren  
  43  3:24  Evolution Chamber  
  41  3:27  Drone x2  
  41  3:33  Drone x2, Extractor  
  44  3:34  Extractor  
  44  3:40  Overlord  
  43  3:49  Hatchery  
  43  3:52  Drone x3  
  43  3:54  Drone  
  46  3:56  Drone  
  45  4:05  Roach x3  
  45  4:09  Queen  
  53  4:13  Overlord  
  53  4:15  Roach  
  55  4:21  Roach x2  
  59  4:31  Glial Reconstitution  
  59  4:32  Zerg Missile Weapons Level 1  
  59  4:36  Overlord  
  59  4:43  Drone x7  
  66  4:56  Queen  
  66  4:59  Drone x2  
  70  5:12  Drone  
  70  5:13  Drone x4  
  75  5:20  Drone x7, Hydralisk Den  
  81  5:30  Evolution Chamber, Drone, Extractor  
  81  5:31  Drone  
  81  5:32  Extractor  
  80  5:38  Overlord x2  
  80  5:39  Overlord  
  80  5:57  Drone x7  
  81  6:03  Extractor  
  86  6:09  Overlord  
  86  6:11  Zerg Ground Armor Level 1, Grooved Spines  
  86  6:29  Hatchery, Overlord x3  
  86  6:30  Zerg Missile Weapons Level 2  
  85  6:34  Drone  
  85  6:37  Hydralisk x10  
  85  6:38  Hydralisk x2  
  110  6:43  Overlord x2  
  110  6:49  Hydralisk x4  
  118  6:58  Hydralisk  
  120  7:04  Drone x6  
  120  7:08  Muscular Augments  
  126  7:16  Drone x6  
  128  7:36  Drone x4  
  128  7:37  Drone x3  
  135  7:48  Overlord x5  
  135  7:53  Hydralisk x6  
  147  8:03  Extractor  
  147  8:04  Extractor  
  146  8:05  Drone  
  146  8:06  Drone x3  
  146  8:09  Infestation Pit  
  146  8:12  Hatchery  
  147  8:16  Zerg Ground Armor Level 2  
  147  8:35  Hydralisk x15  
  177  8:50  Hive  
  177  9:27  Hydralisk  
  177  9:28  Hydralisk x6  
  187  10:08  Lurker Den  
  186  10:15  Hydralisk x7  
  200  10:28  Overseer x2  
Tags
 
Matchup
TvZ
Player
ViBE
Spawn Locations
Cross Positions
Add a new tag
Caveats
  • Supply blocks, unpowered buildings, or Contaminate may cause inaccurate times.
  • Supply counts are checked every 10 seconds.